 Dungeon Crawl Stone Soup version 0.32-a0-560-g4c7f4391e0 (webtiles) character file.

Game seed: 11537971775597968268

3123 Dittersdorf the Protected (level 9, -2/88 HPs)
             Began as a Gargoyle Fighter on Feb 29, 2024.
             Slain by Erica
             ... wielding a +2 scimitar of flaming
              (5 damage)
             ... on level 8 of the Dungeon.
             The game lasted 00:07:40 (5274 turns).

Dittersdorf the Protected (Gargoyle Fighter)        Turns: 5274, Time: 00:07:40

Health: -2/88      AC: 25    Str: 24    XL:     9   Next: 91%
Magic:  9/9        EV:  2    Int:  9    God:
Gold:   449        SH:  5    Dex:  9    Spells: 8/8 levels left

rFire   . . .        j - +3 morningstar
rCold   . . .        c - +0 buckler
rNeg    + . .        g - +1 plate armour
rPois   ∞            s - +1 hat
rElec   +            u - +2 cloak {Will+}
rCorr   .            (no gloves)
SInv    .            (no boots)
Will    ++...        t - amulet of regeneration Stlth
                     q - +5 ring of evasion
HPRegen 1.14/turn    v - ring of willpower
MPRegen 0.11/turn

%: no passive effects
@: berserking, constricted, studying Summonings, invisible, very quick
A: sickness immunity, AC +6, negative energy resistance 1, electricity
resistance, torment resistance 1, petrification resistance
a: no special abilities


You were on level 8 of the Dungeon.
You visited 2 branches of the dungeon, and saw 9 of its levels.

You collected 449 gold pieces.

Inventory:

Hand Weapons
 j - a +3 morningstar (weapon)
 m - a +0 morningstar
Armour
 c - a +0 buckler (worn)
 g - a +1 plate armour (worn)
 s - a +1 hat (worn)
 u - a +2 cloak of willpower (worn)
Jewellery
 b - a ring of protection from cold
 l - a +6 ring of intelligence
 q - a +5 ring of evasion (left hand)
 t - an amulet of regeneration (around neck)
 v - a ring of willpower (right hand)
 w - a ring of protection from fire
Wands
 o - a wand of paralysis (6)
Scrolls
 e - 7 scrolls of teleportation
 i - a scroll of fog
 n - a scroll of enchant armour
 r - 2 scrolls of revelation
Potions
 a - 2 potions of invisibility
 d - a potion of might
 f - 5 potions of curing {unknown}
 h - a potion of berserk rage
 k - a potion of lignification {unknown}
 p - a potion of haste
 x - 2 potions of mutation
 z - a potion of enlightenment


   Skills:
 + Level 8.1 Fighting
 + Level 7.0 Maces & Flails
 + Level 8.2 Armour
 + Level 8.1 Shields


You had 8 spell levels left.
You didn't know any spells.
Your spell library contained the following spells:

 Spells                   Type           Power      Damage    Failure   Level
 Slow                     Hex            0%         N/A       99%         1
 Ensorcelled Hibernation  Hex/Ice        0%         N/A       100%        2
 Confusing Touch          Hex            0%         N/A       100%        3
 Passwall                 Erth           0%         N/A       100%        3
 Sigil of Binding         Hex            0%         N/A       100%        3
 Swiftness                Air            0%         N/A       100%        3
 Vampiric Draining        Necr           0%         2d6       100%        3
 Animate Dead             Necr           0%         N/A       100%        4
 Borgnjor's Vile Clutch   Necr/Erth      0%         N/A       100%        5
 Death Channel            Necr           0%         N/A       100%        6


Dungeon Overview and Level Annotations

Branches:
Dungeon (8/15)             Temple (1/1) D:4
   Lair: D:8-11

Altars:
Ashenzari
Cheibriados
Elyvilon
Hepliaklqana
Kikubaaqudgha
Makhleb
Nemelex Xobeh
Okawaru
Qazlal
Ru
Sif Muna
Trog
Uskayaw
Vehumet
Wu Jian
Xom
Yredelemnul
Zin
The Shining One

Annotations:
D:8 Erica


Innate Abilities, Weirdness & Mutations

You are immune to sickness and miasma.
Your stone body is resilient. (AC +6)
You are immune to poison.
You resist negative energy. (rN+)
You are resistant to electric shocks. (rElec)
You are resistant to unholy torment.
You are immune to petrification.


Message History

You completely miss something. Something hits you but does no damage.
You are constricted.
You bludgeon something!! Something hits you but does no damage.
You are constricted.
You closely miss something. Something hits you but does no damage.
You are constricted.
You miss something.
You hear some strange, mumbled words.
A puff of flame appears from out of thin air!
The puff of flame hits something.
Something hits you but does no damage.
You are constricted.
Something hits you. Something burns you.
You are constricted.
You miss something. Something hits you!
* * * LOW HITPOINT WARNING * * *
Something burns you.
* * * LOW HITPOINT WARNING * * *
You are constricted.
You fade into invisibility!
Something hits you but does no damage.
You are constricted.
* * * LOW HITPOINT WARNING * * *
A red film seems to cover your vision as you go berserk!
You feel yourself moving faster!
You feel mighty! Something hits you!
* * * LOW HITPOINT WARNING * * *
Something burns you.
* * * LOW HITPOINT WARNING * * *
You are constricted.
You miss something. Something hits you but does no damage.
You are constricted.
A magic dart appears from out of thin air!
The magic dart hits something.
You hear a shout!
You barely miss something. You puncture something! Something hits you.
* * * LOW HITPOINT WARNING * * *
Something burns you.
* * * LOW HITPOINT WARNING * * *
You are constricted.
You closely miss something. Something hits you but does no damage.
You are constricted.
You closely miss something. Something hits you.
You die...

#.. . #.#### . #.##.. .
#.##.# ######### #.##.#
#.......###.##.####. #
#.##.........#.....#
....#.##.##.###..#..###.
#.({{@............###.
###(##.##.###......... #
#.##.#...####....
.......### #.... #....##
#.### ...### #.# ####
#.# #.# #..


There were no monsters in sight!

Vanquished Creatures
  Pikel (D:5)
  Joseph (D:8)
  Edmund (D:4)
  A swamp worm (D:8)
  2 water moccasins
  3 orc warriors
  An ice beast (D:6)
  A sky beast (D:6)
  2 kobold brigands
  3 lemures (D:5)
  2 bullfrogs
  2 scorpions
  4 wights (D:7)
  2 jellies (D:7)
  A howler monkey (D:5)
  2 bombardier beetles
  An orc priest (D:5)
  2 sleepcaps
  Ijyb (D:3)
  6 orc wizards
  6 iguanas
  10 adders
  2 white imps
  2 ufetubi (D:6)
  5 dart slugs
  A ribbon worm (D:2)
  29 orcs
  11 ball pythons
  7 endoplasms
  5 giant cockroaches
  11 goblins
  4 hobgoblins
  7 jackals (D:1)
  2 quokkas (D:4)
  4 bats
  2 frilled lizards
  13 kobolds
  9 rats
169 creatures vanquished.

Notes
Turn   | Place    | Note
-------+----------+-------------------------------------------
     0 | D:1      | Dittersdorf the Gargoyle Fighter began the quest for the
                  | Orb.
     0 | D:1      | Reached XP level 1. HP: 14/14 MP: 1/1
   105 | D:1      | Reached XP level 2. HP: 10/19 MP: 2/2
   275 | D:1      | Reached XP level 3. HP: 17/23 MP: 3/3
   639 | D:2      | Found a shimmering blue altar of Sif Muna.
  1032 | D:2      | Reached XP level 4. HP: 29/29 MP: 4/4
  2283 | D:4      | Noticed Ijyb
  2329 | D:3      | Killed Ijyb
  2330 | D:3      | Reached XP level 5. HP: 30/33 MP: 5/5
  2367 | D:4      | Found a bloodstained altar of Trog.
  2372 | D:4      | Found a staircase to the Ecumenical Temple.
  2397 | Temple   | Entered the Ecumenical Temple
  2609 | D:4      | Found an iron altar of Okawaru.
  2705 | D:4      | Reached XP level 6. HP: 39/39 MP: 6/6
  2941 | D:5      | Entered Level 5 of the Dungeon
  2941 | D:5      | Noticed a water moccasin
  2961 | D:4      | Killed a water moccasin
  2966 | D:5      | Noticed Edmund
  2972 | D:4      | Reached skill level 5 in Armour
  2985 | D:4      | Reached skill level 5 in Fighting
  2985 | D:4      | Reached skill level 5 in Shields
  2997 | D:4      | Reached XP level 7. HP: 44/44 MP: 7/7
  3038 | D:4      | Killed Edmund
  3077 | D:5      | Found a hide-covered altar of Uskayaw.
  3239 | D:5      | Found a shimmering blue altar of Sif Muna.
  3268 | D:5      | Noticed Pikel
  3321 | D:5      | Killed Pikel
  3322 | D:5      | Reached skill level 5 in Maces & Flails
  3322 | D:5      | Reached XP level 8. HP: 41/51 MP: 8/8
  3352 | D:5      | Found a shimmering altar of Xom.
  3801 | D:6      | Reached XP level 9. HP: 56/56 MP: 9/9
  3891 | D:6      | Found a burning altar of Makhleb.
  3891 | D:6      | Noticed an Executioner
  4252 | D:7      | Found a sacrificial altar of Ru.
  4976 | D:8      | Noticed Joseph
  4989 | D:8      | Killed Joseph
  5058 | D:8      | Found a broken altar of Ashenzari.
  5244 | D:8      | Noticed Erica
  5269 | D:8      | HP: 4/88 [something (4)]
  5272 | D:8      | HP: 1/88 [something (1)]
  5274 | D:8      | Slain by Erica

Illustrated notes

Levels and vault maps discovered:
D:1:      scummos_arrival_checkerplants, layout_rooms, kennysheep_minor_cross
D:2:      layout_basic, serial_rivers, chequers_serial_rivers_micro_d,
          chequers_serial_rivers_small_3, chequers_serial_rivers_small_3,
          chequers_serial_rivers_marsh, chequers_serial_rivers_room_a,
          basic_altar
D:3:      layout_basic
D:4:      layout_gridville, mainiacjoe_overflow_catwalk,
          mainiacjoe_overflow_paths, minmay_temple_entry_junction, uniq_ijyb
D:5:      layout_basic, tgw_xom, lemuel_doored_altar,
          mainiacjoe_overflow_boulevard, uniq_pikel, uniq_edmund
D:6:      layout_cave_pools, makhleb_altar_promises_db
D:7:      layout_basic, nicolae_ru_the_path_less_chosen
D:8:      minmay_the_grid_triangle_9x9_rhombus_thin
          [minmay_the_grid_triangle_9x9_fully_insulated_deathbox,
          minmay_the_grid_triangle_9x9_prize_insulated,
          minmay_the_grid_triangle_9x9_checkered,
          minmay_the_grid_triangle_9x9_windchime], layout_loops_ring,
          general_overflow_altar, lemuel_crystal_altar, worms_lemuel,
          uniq_joseph, uniq_erica
Temple:   hellmonk_temple_of_storms

Skill      XL: |  1  2  3  4  5  6  7  8  9 |
---------------+----------------------------+-----
Armour         | 4 5 6 8 |  8.2
Shields        | 4 5 6 8 |  8.1
Fighting       | 4 5 6 8 |  8.1
Maces & Flails | 3 5 7 |  7.0

Action                     |  1- 3 |  4- 6 |  7- 9 || total
---------------------------+-------+-------+-------++-------
  Melee: Flail             |   131 |    67 |   222 ||   420
         Unarmed           |       |     7 |       ||     7
         Morningstar       |       |    93 |   202 ||   295
  Throw: Dart              |       |       |     4 ||     4
    Use: Scroll            |       |     1 |    13 ||    14
         Potion            |       |       |     2 ||     2
 Armour: Scale mail        |   139 |   117 |   132 ||   388
         Skin              |       |     1 |       ||     1
         Plate armour      |       |       |   270 ||   270
  Dodge: Dodged            |   105 |   156 |   248 ||   509
  Block: Buckler           |    46 |    53 |   121 ||   220

Table legend: (Time is in decaauts)
 A = Elapsed time spent in this place.
 B = Non-inter-level travel time spent in this place.
 C = Inter-level travel time spent in this place.
 D = Time resting spent in this place.
 E = Time spent auto-exploring this place.
 F = Levels seen in this place.
 G = Mean time per level.
                   A        B        C        D        E       F      G
               +--------+--------+--------+--------+--------+-----+--------+
         Total |   5476 |   5214 |    262 |    209 |   3423 |   9 |  608.4 |
       Dungeon |   5475 |   5213 |    262 |    209 |   3423 |   8 |  684.4 |
        Temple |      1 |      1 |      0 |      0 |      0 |   1 |    1.0 |
               +--------+--------+--------+--------+--------+-----+--------+

Top non-repeatable levels by time:
     D:3: 937 daAuts
     D:2: 843 daAuts
     D:7: 747 daAuts
     D:4: 714 daAuts
     D:1: 662 daAuts
     D:5: 630 daAuts
     D:6: 523 daAuts
     D:8: 416 daAuts
  Temple: 1 daAuts
